AoeStats
← Odo'Sha

MegaRandom

509812688Analyzed
2v2 RM · 3d ago on Sep 28, 2026· 31m 18s· 4 players
Game mode
Random Map
Map size
Medium (4 player)
Population
200
Speed
Normal
Resources
Standard
Victory
Conquest
Starting age
Dark Age
Ending age
Imperial Age
RankedLock teamsTeams togetherTeam positionsShared explorationLock speedFull tech treeHidden civsTurbo modeCheats
Victory
Defeat
🇲🇽 Magyars · Mexico
951
+14
🇲🇽 Mapuche · Mexico
753
+22
🇨🇳 Franks · China
911
-19
🇺🇸 Mapuche · United States
866
-17
burgerkingington
5:45 Loom
17:54 Feudal Age
18:00 Feudal Age
18:06 Feudal Age
19:34 Champi Runner
19:40 Champi Runner
20:32 Scale Mail Armor
20:38 Scale Mail Armor
20:52 Forging
20:33 Fletching
21:30 Wheelbarrow
20:40 Loom
20:40 Town Watch
23:25 Arson
23:32 Arson
23:38 Arson
30:26 Castle Age
30:32 Castle Age
40436350
4:10 Loom
19:36 Feudal Age
21:39 Fletching
Odo'Sha
10:03 Loom
16:59 Feudal Age
18:11 Champi Runner
Inhapropiado
14:06 Feudal Age
14:53 Arson
15:09 Loom
15:02 Man-at-Arms
20:59 Town Watch
26:43 Castle Age
25:36 Fletching
28:41 Wheelbarrow
28:44 Husbandry
29:44 Gold Mining
30:18 Scale Barding Armor
31:18 Hand Cart
31:01 Stone Mining
Connection lost

Rejoining the realm…

Still unreachable

The connection could not be restored.

Session expired

The server has moved on; the page needs a fresh start.